 Dungeon Crawl Stone Soup version 0.23.2-11-gf996548 (webtiles) character file.

Game seed: 11196093178949188577

411 Fang the Skirmisher (level 6, -2/60 HPs)
             Began as a Gargoyle Berserker on June 3, 2019.
             Was a Believer of Trog.
             Slain by an orc wizard
             ... wielding a +0 dagger
              (4 damage)
             ... on level 4 of the Dungeon.
             The game lasted 00:03:01 (2825 turns).

Fang the Skirmisher (Gargoyle Berserker)            Turns: 2825, Time: 00:03:01

Health: -2/60      AC:  5    Str: 28    XL:     6   Next: 90%
Magic:  6/6        EV: 13    Int:  7    God:    Trog [**....]
Gold:   236        SH:  0    Dex:  9    Spells: 5/5 levels left

rFire    . . .     SeeInvis .   a - +0 hand axe
rCold    . . .     Gourm    .   (no shield)
rNeg     + . .     Faith    .   b - +0 animal skin
rPois    ∞         Spirit   .   t - -2 helmet (curse)
rElec    +         Reflect  .   (no cloak)
rCorr    .         Harm     .   (no gloves)
MR       .....                  (no boots)
Stlth    ..........             (no amulet)
HPRegen  0.20/turn              (no ring)
MPRegen  0.10/turn              (no ring)

@: confused, berserking (expiring), slowed
A: negative energy resistance 1, electricity resistance, unbreathing,
petrification resistance, rot immunity, AC +4
a: Berserk, Trog's Hand, Renounce Religion


You were on level 4 of the Dungeon.
You worshipped Trog.
Trog was pleased with you.
You were hungry.

You visited 1 branch of the dungeon, and saw 4 of its levels.

You collected 236 gold pieces.

Inventory:

Hand Weapons
 a - a +0 hand axe (weapon)
Armour
 b - a +0 animal skin (worn)
 t - a cursed -2 helmet (worn)
Wands
 o - a wand of digging (3)
Scrolls
 d - 4 scrolls of identify
 g - 2 scrolls of remove curse
 i - a scroll of teleportation {unknown}
 j - a scroll of fear {unknown}
 k - a scroll of amnesia {unknown}
 l - a scroll of immolation {unknown}
 r - a scroll of fog
 s - a scroll of enchant armour {unknown}
Potions
 e - a potion of flight
 f - a potion of degeneration {unknown}
 h - a potion of ambrosia {unknown}
 m - a potion of resistance {unknown}
 n - 3 potions of lignification {unknown}
 p - a potion of curing {unknown}
 q - a potion of heal wounds {unknown}
Comestibles
 c - 7 rations


   Skills:
 + Level 4.9 Fighting
 + Level 4.1 Axes
 + Level 4.3 Armour
 + Level 3.1 Dodging


You had 5 spell levels left.
You didn't know any spells.
Your spell library was empty.

Dungeon Overview and Level Annotations

Branches:
Dungeon (4/15)
 Temple: D:4-7

Altars:
Trog


Innate Abilities, Weirdness & Mutations

You are resistant to torment.
Your stone body is resilient. (AC +4)
You are immune to poison.
You resist negative energy. (rN+)
You are resistant to electric shocks. (rElec)
You can survive without breathing.
You are immune to petrification.
You are immune to rotting.


Message History

You kill the orc wizard!
Trog accepts your kill.
Trog appreciates your killing of a magic user.
You hit something. You hit the howler monkey. You hit the orc wizard.
The howler monkey misses you. Something hits you but does no damage.
The orc wizard hits you but does no damage.
The howler monkey barely misses you. Something hits you but does no damage.
The howler monkey closely misses you.
The orc wizard hits you with a +0 dagger.
* * * LOW HITPOINT WARNING * * *
Things that are here:
a +0 dagger; a +0 robe You feel a strong urge to attack something.
You hear some strange, mumbled words.
You are confused.
You slash something! You barely miss the orc wizard.
The orc wizard hits you with a +0 dagger.
* * * LOW HITPOINT WARNING * * *
Something hits you.
You die...

..).######.## ....#
#.############ ....##
###.##.........# .....#
#...##.........#
.....###.####.........#
.................)....#
..........#...........#
............#..ho{.$..#
###.......###...@.....#
..........# #?........#
.........## ###########
.......<.# .........#
.........# .........###
.....).....#
...........#


You could see a howler monkey and an orc wizard.

Vanquished Creatures
  Eustachio (D:4)
  A scorpion (D:4)
  A hound (D:4)
  A centaur skeleton (D:4)
  An orc wizard (D:4)
  Jessica (D:2)
  3 adders
  2 worms
  4 dart slugs
  2 leopard geckos (D:4)
  3 orcs (D:4)
  3 giant cockroaches
  3 hobgoblins
  7 jackals
  8 kobolds
  3 quokkas
  5 bats
  6 frilled lizards
  8 goblins
  7 rats
70 creatures vanquished.

Notes
Turn   | Place    | Note
-------+----------+-------------------------------------------
     0 | D:1      | Fang the Gargoyle Berserker began the quest for the Orb.
     0 | D:1      | Reached XP level 1. HP: 14/14 MP: 1/1
   341 | D:1      | Reached XP level 2. HP: 17/19 MP: 2/2
   942 | D:2      | Reached XP level 3. HP: 23/23 MP: 3/3
  1240 | D:2      | Reached ** piety under Trog
  1300 | D:2      | Noticed Jessica
  1309 | D:2      | Killed Jessica
  1309 | D:2      | Reached XP level 4. HP: 12/29 MP: 4/4
  2172 | D:4      | Reached XP level 5. HP: 33/33 MP: 5/5
  2469 | D:4      | Reached XP level 6. HP: 29/39 MP: 6/6
  2492 | D:4      | Found a bloodstained altar of Trog.
  2500 | D:4      | Noticed Eustachio
  2522 | D:4      | Killed Eustachio
  2823 | D:4      | HP: 3/60 [orc wizard/+0 dagger (3)]
  2825 | D:4      | Slain by an orc wizard

Skill      XL: |  1  2  3  4  5  6 |
---------------+-------------------+-----
Axes           | 3 4 |  4.1
Dodging        | 2 3 |  3.1
Armour         | 3 4 |  4.3
Fighting       | 4 |  4.9

Action                   |  1- 3 |  4- 6 || total
-------------------------+-------+-------++-------
Melee: Hand axe          |   123 |   142 ||   265
Invok: Berserk           |       |     3 ||     3
  Use: Scroll            |     3 |       ||     3
 Stab: Sleeping          |     1 |       ||     1
  Eat: Chunk             |     1 |     7 ||     8
Armor: Animal skin       |    38 |    60 ||    98
Dodge: Dodged            |    94 |   143 ||   237
